 Dungeon Sprint DCSS version 0.29.1-4-g47bece8355 (webtiles) character file.

Game seed: 14434104937460162368

17985 boopmooplesden the Pulveriser (level 12, -4/127 HPs)
             Began as a Minotaur Gladiator on Dec 10, 2022.
             Was the Champion of Trog.
             Slain by a sun demon (12 damage)
             ... summoned by an orc high priest
             ... in the Dungeon (Sprint IX: "|||||||||||||||||||||||||||||").
             The game lasted 00:04:30 (3215 turns).

boopmooplesden the Pulveriser (Minotaur Gladiator)  Turns: 3215, Time: 00:04:31

Health: -4/127     AC: 13    Str: 25    XL:     12   Next: 23%
Magic:  11/11      EV: 20    Int:  5    God:    Trog [******]
Gold:   1288       SH:  0    Dex: 14    Spells: 11/11 levels left

rFire   . . .      SeeInvis .   m - +9 quarterstaff (speed)
rCold   . . .      Faith    .   (shield currently unavailable)
rNeg    . . .      Spirit   .   o - +2 ring mail
rPois   .          Reflect  .   c - +0 hat
rElec   .          Harm     .   n - +0 cloak
rCorr   .          Rampage  .   y - +0 pair of gloves
Will    ++...      NoTele   +   (no boots)
Stlth   ++........              (no amulet)
HPRegen 1.31/turn               p - +2 ring of evasion
MPRegen 0.12/turn               q - +3 ring of dexterity

@: strong-willed, spiked, regenerating
A: horns 2, retaliatory headbutt
a: Renounce Religion, Berserk, Trog's Hand, Brothers in Arms


You were in the Dungeon.
You worshipped Trog.
Trog was exalted by your worship.
You visited 1 branch You collected 1288 gold pieces.

Inventory:

Hand Weapons
 a - a +0 quarterstaff
 m - a +9 quarterstaff of speed (weapon)
 w - a +4 antimagic quarterstaff
 x - a +0 antimagic lajatang
 z - a +1 dire flail of protection
Missiles
 d - 3 throwing nets (quivered)
 e - a javelin
Armour
 b - a +0 leather armour
 c - a +0 hat (worn)
 n - a +0 cloak (worn)
 o - a +2 ring mail (worn)
 r - a +0 plate armour
 y - a +0 pair of gloves (worn)
Jewellery
 p - a +2 ring of evasion (left hand)
 q - a +3 ring of dexterity (right hand)
Wands
 l - a wand of roots (10)
Scrolls
 k - 2 scrolls of blinking
 u - 3 scrolls of enchant weapon
 v - a scroll of butterflies
Potions
 f - 5 potions of curing
 g - 5 potions of heal wounds
 h - a potion of haste
 i - 4 potions of magic
 j - a potion of invisibility
 s - a potion of might
 t - a potion of berserk rage


   Skills:
 + Level 18.0 Fighting
 + Level 24.4 Staves
 + Level 6.7 Throwing
 + Level 13.4 Armour
 + Level 14.0 Dodging
 + Level 4.6 Stealth


You had 11 spell levels left.
You didn't know any spells.
Your spell library was empty.

Dungeon Overview and Level Annotations

Branches:
Dungeon (1/1)

Altars:
Cheibriados
Dithmenos
Elyvilon
Fedhas
Gozag
Hepliaklqana
Kikubaaqudgha
Makhleb
Nemelex Xobeh
Okawaru
Qazlal
Ru
Sif Muna
Trog
Uskayaw
Vehumet
Wu Jian
Xom
Yredelemnul
Zin
The Shining One
Jiyva
Lugonu

Shops:
D ::[=


Innate Abilities, Weirdness & Mutations

You have a pair of horns on your head.
You reflexively headbutt those who attack you in melee.


Message History

You feel much better.
You recover from your berserk rage.
The orc high priest utters an invocation to Beogh.
The red devil hits you but does no damage.
You bludgeon the orc high priest!!
The orc high priest is almost dead.
The orc high priest hits you with a +0 battleaxe.
The red devil hits you from afar with a +2 demon trident of electrocution!
Barbed spikes become lodged in your body.
You are electrocuted!
The orc sorcerer mumbles some strange words.
You feel troubled.
You feel much better. The sun demon hits you!
You are engulfed in flames!!
The orc high priest completely misses you.
The orc sorcerer mumbles some strange words.
The red devil hits you from afar with a +2 demon trident of electrocution!
* * * LOW HITPOINT WARNING * * *
Barbed spikes become lodged in your body.
You are electrocuted!!
* * * LOW HITPOINT WARNING * * *
You feel much better. The sun demon hits you!
* * * LOW HITPOINT WARNING * * *
You are engulfed in flames!
* * * LOW HITPOINT WARNING * * *
The orc high priest hits you but does no damage.
The red devil misses you.
Unknown command.
Your skin crawls.
You feel strong-willed.
The chaos spawn degenerates into a cloud of primal chaos!
The sun demon misses you.
The orc high priest hits you with a +0 battleaxe!
* * * LOW HITPOINT WARNING * * *
The red devil hits you from afar with a +2 demon trident of electrocution.
* * * LOW HITPOINT WARNING * * *
Barbed spikes become lodged in your body.
The sun demon hits you.
* * * LOW HITPOINT WARNING * * *
You are engulfed in flames!
You die...

▓'▓.▓[▓.▓
▓.▓.▓.▓.▓.▓
▓.▓.▓.▓.▓4▓
▓.▓.▓.▓.▓.▓
▓.▓.▓'▓.▓o▓
▓.▓.▓.▓.▓o▓
▓.▓.▓(▓.▓4▓
▓)▓.▓)▓.▓o▓
▓.▓.▓.▓.▓@▓
▓.▓.▓.▓.▓3▓
▓.▓.▓.▓.▓∩▓
▓[▓.▓.▓.▓)▓
▓.▓.▓.▓.▓∩▓
▓.▓.▓.▓.▓$▓
▓)▓.▓.▓.▓)▓
▓?▓.▓.▓.▓)▓
▓.▓.▓÷▓.▓)▓


You could see an orc high priest, a sun demon (summoned), an orange demon
(summoned), an orc sorcerer, a red devil (summoned) and an orc.

Vanquished Creatures
  2 dire elephants (D)
  A hydra (D)
  A two-headed ogre (D)
  A catoblepas (D)
  3 centaur warriors (D)
  3 orc high priests (D)
  2 lindwurms (D)
  4 orc knights (D)
  A deep elf pyromancer (D)
  4 orc sorcerers (D)
  6 elephants (D)
  A black mamba (D)
  A gargoyle (D)
  2 komodo dragons (D)
  A kobold demonologist (D)
  A meliai (D)
  A dream sheep (D)
  A blink frog (D)
  A vampire (D)
  A wyvern (D)
  A yak (D)
  A basilisk (D)
  An acid dragon (D)
  3 water moccasins (D)
  13 orc warriors (D)
  A wolf (D)
  A phantom (D)
  3 bullfrogs (D)
  A necrophage (D)
  A hound (D)
  An orc priest (D)
  2 orc wizards (D)
  An ufetubus (D)
  10 orcs (D)
  A giant cockroach (D)
  2 goblins (D)
  A ball python (D)
  A rat (D)
83 creatures vanquished.

Notes
Turn   | Place    | Note
-------+----------+-------------------------------------------
     0 | D        | boopmooplesden the Minotaur Gladiator began the quest for
                  | the Orb.
     0 | D        | Reached XP level 1. HP: 18/18 MP: 0/0
     7 | D        | Reached skill level 4 in Staves
   260 | D        | Noticed a necrophage
   260 | D        | Noticed a hound
   260 | D        | Noticed a phantom
   269 | D        | Killed a phantom
   270 | D        | Reached skill level 7 in Staves
   270 | D        | Reached skill level 1 in Armour
   270 | D        | Reached skill level 5 in Dodging
   270 | D        | Reached XP level 2. HP: 19/28 MP: 1/1
   270 | D        | Reached XP level 3. HP: 23/34 MP: 2/2
   270 | D        | Reached XP level 4. HP: 28/41 MP: 3/3
   273 | D        | Reached skill level 8 in Staves
   280 | D        | Killed a necrophage
   281 | D        | Reached skill level 5 in Fighting
   281 | D        | Reached skill level 9 in Staves
   281 | D        | Reached XP level 5. HP: 13/48 MP: 4/4
   605 | D        | Found a snail-covered altar of Cheibriados.
   605 | D        | Found a shadowy altar of Dithmenos.
   605 | D        | Found a white marble altar of Elyvilon.
   605 | D        | Found a blossoming altar of Fedhas.
   605 | D        | Found an opulent altar of Gozag.
   606 | D        | Found a hazy altar of Hepliaklqana.
   607 | D        | Found a viscous altar of Jiyva.
   608 | D        | Found an ancient bone altar of Kikubaaqudgha.
   609 | D        | Found a corrupted altar of Lugonu.
   610 | D        | Found a burning altar of Makhleb.
   611 | D        | Found a sparkling altar of Nemelex Xobeh.
   612 | D        | Found an iron altar of Okawaru.
   613 | D        | Found a stormy altar of Qazlal.
   614 | D        | Found a sacrificial altar of Ru.
   615 | D        | Found a shimmering blue altar of Sif Muna.
   616 | D        | Found a bloodstained altar of Trog.
   617 | D        | Found a hide-covered altar of Uskayaw.
   618 | D        | Found a radiant altar of Vehumet.
   619 | D        | Found an ornate altar of the Wu Jian Council.
   620 | D        | Found a shimmering altar of Xom.
   621 | D        | Found a basalt altar of Yredelemnul.
   622 | D        | Found a glowing silver altar of Zin.
   623 | D        | Found a glowing golden altar of the Shining One.
   624 | D        | Became a worshipper of Trog the Wrathful
   862 | D        | Noticed an acid dragon
   862 | D        | Noticed a vampire
   862 | D        | Noticed an orc warrior
   862 | D        | Noticed a two-headed ogre
   862 | D        | Noticed a kobold demonologist
   862 | D        | Noticed a wyvern
   867 | D        | Killed a wyvern
   868 | D        | Reached skill level 11 in Staves
   868 | D        | Reached XP level 6. HP: 58/58 MP: 5/5
   871 | D        | Killed a kobold demonologist
   871 | D        | Reached * piety under Trog
   872 | D        | Reached skill level 12 in Staves
   872 | D        | Reached skill level 5 in Armour
   872 | D        | Reached XP level 7. HP: 66/66 MP: 6/6
   876 | D        | Killed a two-headed ogre
   877 | D        | Reached skill level 14 in Staves
   877 | D        | Reached skill level 5 in Throwing
   877 | D        | Reached skill level 10 in Dodging
   877 | D        | Reached XP level 8. HP: 77/77 MP: 7/7
   881 | D        | Reached skill level 15 in Staves
   888 | D        | Reached ** piety under Trog
   889 | D        | Reached skill level 1 in Stealth
  1037 | D        | Noticed a gargoyle
  1037 | D        | Noticed a centaur warrior
  1037 | D        | Noticed a deep elf pyromancer
  1037 | D        | Noticed a meliai
  1037 | D        | Noticed a centaur warrior
  1037 | D        | Noticed a centaur warrior
  1044 | D        | Killed a centaur warrior
  1045 | D        | Reached skill level 16 in Staves
  1045 | D        | Reached XP level 9. HP: 73/85 MP: 8/8
  1050 | D        | Killed a centaur warrior
  1050 | D        | Reached *** piety under Trog
  1051 | D        | Reached skill level 10 in Fighting
  1051 | D        | Reached skill level 17 in Staves
  1053 | D        | Killed a meliai
  1054 | D        | Reached skill level 18 in Staves
  1059 | D        | Killed a centaur warrior
  1064 | D        | Killed a deep elf pyromancer
  1064 | D        | Reached **** piety under Trog
  1065 | D        | Reached skill level 19 in Staves
  1065 | D        | Reached XP level 10. HP: 83/95 MP: 9/9
  1066 | D        | Killed a gargoyle
  1504 | D        | Noticed a black mamba
  1508 | D        | Killed a black mamba
  1516 | D        | Reached ***** piety under Trog
  1525 | D        | Reached skill level 20 in Staves
  1535 | D        | Reached skill level 10 in Armour
  1892 | D        | Noticed a four-headed hydra
  1892 | D        | Noticed a catoblepas
  1896 | D        | Killed a catoblepas
  1897 | D        | Noticed a lindwurm
  1897 | D        | Noticed a lindwurm
  1904 | D        | Killed a four-headed hydra
  1905 | D        | Reached skill level 21 in Staves
  1916 | D        | Reached ****** piety under Trog
  1921 | D        | Killed a lindwurm
  1921 | D        | Received a gift from Trog
  1924 | D        | Killed a lindwurm
  1925 | D        | Reached XP level 11. HP: 107/107 MP: 10/10
  2101 | D        | Noticed a dire elephant
  2101 | D        | Noticed a dire elephant
  2109 | D        | Reached skill level 22 in Staves
  2116 | D        | Killed a dire elephant
  2128 | D        | Killed a dire elephant
  2134 | D        | Received a gift from Trog
  2151 | D        | Reached skill level 15 in Fighting
  2151 | D        | Reached skill level 23 in Staves
  2545 | D        | Noticed an orc knight
  2553 | D        | Killed an orc knight
  2566 | D        | Received a gift from Trog
  2571 | D        | Noticed an orc knight
  2588 | D        | Killed an orc knight
  2910 | D        | Noticed an orc sorcerer
  2910 | D        | Noticed an orc sorcerer
  2917 | D        | Killed an orc sorcerer
  2917 | D        | Received a gift from Trog
  2921 | D        | Killed an orc sorcerer
  3133 | D        | Found Zoacukh's Jewellery Boutique.
  3133 | D        | Noticed an orc sorcerer
  3133 | D        | Noticed an orc knight
  3133 | D        | Noticed an orc knight
  3133 | D        | Noticed an orc high priest
  3134 | D        | Noticed a sixfirhy
  3139 | D        | Killed an orc high priest
  3142 | D        | Killed an orc knight
  3142 | D        | Received a gift from Trog
  3143 | D        | Reached XP level 12. HP: 125/125 MP: 11/11
  3143 | D        | Found Loar's Armour Shop.
  3145 | D        | Noticed an orc high priest
  3148 | D        | Reached skill level 24 in Staves
  3153 | D        | Found Teheawn's Book Boutique.
  3155 | D        | Noticed an orc high priest
  3157 | D        | Found Belo's Book Shop.
  3161 | D        | Noticed an orc high priest
  3171 | D        | Killed an orc high priest
  3190 | D        | Killed an orc high priest
  3195 | D        | Received a gift from Trog
  3215 | D        | Slain by a sun demon

Illustrated notes

Levels and vault maps discovered:
D:        linesprint [early_d, line_temple, items_1, d_10, items_2, lair_1,
          lair_end, items_3, orc_1, orc_end, items_4, d_15, swamp_1, shoals_1,
          snake_1, spider_1, d_20, vaults_1, items_5, swamp_end, shoals_end,
          snake_end, spider_end, vaults_end, d_27, items_6, zot_1, zot_end,
          crypt_end, forest_end, elf_end, slime_end, tomb_end, abyss_end,
          pan_hell_end]

Skill      XL: |  1  2  3  4  5  6  7  8  9 10 11 12 |
---------------+-------------------------------------+-----
Staves         | 7 9 11 12 14 16 19 21 23 24 | 24.4
Dodging        | 5 6 7 8 10 11 12 13 14 | 14.0
Fighting       | 4 5 6 7 8 9 11 13 17 18 | 18.0
Throwing       | 3 4 5 6 |  6.7
Armour         | 1 3 4 5 6 7 9 11 13 | 13.4
Stealth        | 1 3 4 |  4.6

Action                   |  1- 3 |  4- 6 |  7- 9 | 10-12 || total
-------------------------+-------+-------+-------+-------++-------
Melee: Quarterstaff      |    14 |    23 |    43 |   223 ||   303
       Headbutt          |     1 |     1 |     9 |    53 ||    64
Throw: Throwing net      |       |       |     1 |       ||     1
Invok: Berserk           |       |       |     2 |     5 ||     7
       Trog's Hand       |       |       |       |     1 ||     1
  Use: Potion            |     1 |       |       |     4 ||     5
       Scroll            |       |       |       |     5 ||     5
 Stab: Held in net/web   |       |       |     1 |       ||     1
Armor: Leather armour    |     1 |     2 |       |       ||     3
       Ring mail         |       |     1 |     8 |    26 ||    35
Dodge: Dodged            |     2 |    11 |    19 |    86 ||   118
